 Dungeon Crawl Stone Soup version 0.32-a0-685-g93135e86f0 (webtiles) character file.

Game seed: 4674693212591431426

1565129 Drazool the Slayer (level 25, 229/233 (255) HPs)
             Began as a Vampire Enchanter on Mar 11, 2024.
             Was the Champion of Ru.
             Escaped with the Orb
             ... and 3 runes on Mar 12, 2024!
             The game lasted 05:17:21 (74709 turns).

Drazool the Slayer (Vampire Enchanter)             Turns: 74709, Time: 05:17:22

HP:   229/233 (255) AC: 50    Str: 14 (15) XL:     25   Next: 8%
MP:   32/32         EV:  4    Int: 25 (29) God:    Ru [******]
Gold: 4088          SH: 15    Dex: 12      Spells: 19/36 levels left

rFire   + + .        a - +8 mithril axe "Arga" {speed, Will+}
rCold   + + .        Z - +2 kite shield {rC+}
rNeg    + . .        O - +9 crystal plate armour {rC+}
rPois   +            V - +2 helmet
rElec   .            e - +2 cloak {Stlth+}
rCorr   +            r - +2 pair of gloves
SInv    +            w - +1 pair of boots of the True Pharaoh {rC+}
Will    +++..        v - amulet "Giot" {Acrobat rPois rF++ rCorr Dex-5} Stlth
                     S - +6 ring of strength
HPRegen 0.78/turn    o - ring "Xiulef" {rF+ rN+ SInv}
MPRegen 0.23/turn

%: acrobat
@: healing quickly, hasted (expiring), studying Fire Magic, drained, very quick
A: alive, fangs 3, see invisible, inability to drink after injury 2, inability
to read after injury 2, hated by all, temperature sensitive, vampiric 2,
iridescent scales 1, clever 2, mutation resistance 1, robust 1, subdued magic 1
0: Orb of Zot
}: 3/15 runes: decaying, silver, gossamer
a: Exsanguinate, Renounce Religion, Draw Out Power, Power Leap, Apocalypse


You escaped.
You worshipped Ru.
Ru was exalted by your worship.
You visited 10 branches of the dungeon, and saw 49 of its levels.
You visited the Abyss 1 time.
You also visited: Ice Cave and Wizlab.

You collected 7871 gold pieces.
You spent 3783 gold pieces at shops.


Innate Abilities, Weirdness & Mutations

Your natural rate of healing is accelerated.
You have razor-sharp teeth.
You have supernaturally acute eyesight. (SInv)
You sometimes lose the ability to drink potions when taking damage.
You sometimes lose the ability to read scrolls when taking damage.
You are hated by all.
You are sensitive to extremes of temperature. (rF-, rC-)
You are afflicted with vampirism and can become a bat while bloodless.
You are partially covered in iridescent scales. (AC +2)
Your mind is very acute. (Int +8, Str/Dex -2)
You are somewhat resistant to further mutation.
You are robust. (+10% HP)
Your spells are a little easier to cast, but a little less powerful.


   Skills:
 + Level 26.7 Fighting
 - Level 6.0 Short Blades
 - Level 18.0 Axes
 - Level 18.0 Armour
 - Level 7.0 Dodging
 - Level 7.0 Stealth
 - Level 16.3 Shields
 - Level 6.0 Spellcasting
 - Level 16.6 Hexes
 - Level 4.0 Ice Magic
 - Level 6.0 Evocations


You had 19 spell levels left.
You knew the following spells:

 Your Spells              Type           Power      Damage    Failure   Level
c - Confusing Touch       Hex            63%        N/A       3%          3
e - Ensorcelled Hibernat  Hex/Ice        90%        N/A       30%         2
f - Dazzling Flash        Conj/Hex       74%        N/A       80%         3
r - Cause Fear            Hex            31%        N/A       14%         4
S - Silence               Hex/Air        18%        N/A       100%        5

Your spell library contained the following spells:

 Spells                   Type           Power      Damage    Failure   Level
 Sigil of Binding         Hex            63%        N/A       3%          3
 Dimensional Bullseye     Hex/Tloc       18%        N/A       99%         4
 Metabolic Englaciation   Hex/Ice        22%        N/A       99%         5
 Apportation              Tloc           10%        N/A       100%        1
 Foxfire                  Conj/Fire      20%        2x1d5     100%        1
 Kiss of Death            Conj/Necr      20%        2d7       100%        1
 Necrotise                Necr           20%        1d5       100%        1
 Sandblast                Erth           10%        2d5       100%        1
 Sting                    Conj/Alch      20%        1d4       100%        1
 Cigotuvi's Dreadful Rot  Necr/Alch/Air  10%        N/A       100%        2
 Lesser Beckoning         Tloc           10%        N/A       100%        2
 Mercury Vapours          Alch/Air       10%        N/A       100%        2
 Scorch                   Fire           10%        2d5       100%        2
 Static Discharge         Conj/Air       10%        3-4/arc   100%        2
 Sublimation of Blood     Necr           5%         N/A       100%        2
 Frozen Ramparts          Ice            42%        1d7       100%        3
 Gell's Gravitas          Tloc           5%         N/A       100%        3
 Mephitic Cloud           Conj/Alch/Air  5%         N/A       100%        3
 Ozocubu's Armour         Ice            21%        N/A       100%        3
 Stone Arrow              Conj/Erth      10%        3d7       100%        3
 Teleport Other           Tloc           5%         N/A       100%        3
 Volatile Blastmotes      Fire/Tloc      10%        2d10      100%        3
 Airstrike                Air            2%         2d(1-17)  100%        4
 Brom's Barrelling Bould  Conj/Erth      5%         2d3       100%        4
 Flame Wave               Conj/Fire      5%         2d5       100%        4
 Fulminant Prism          Conj/Alch      2%         3d5       100%        4
 Ignite Poison            Fire/Alch      5%         N/A       100%        4
 Iskenderun's Mystic Bla  Conj/Tloc      5%         2d3       100%        4
 Leda's Liquefaction      Alch/Erth      2%         N/A       100%        4
 Olgreb's Toxic Radiance  Alch           5%         N/A       100%        4
 Passage of Golubria      Tloc           5%         N/A       100%        4
 Petrify                  Alch/Erth      5%         N/A       100%        4
 Sticky Flame             Fire/Alch      5%         2d4       100%        4
 Vhi's Electric Charge    Tloc/Air       10%        N/A       100%        4
 Arcjolt                  Conj/Air       2%         1d12      100%        5
 Borgnjor's Vile Clutch   Necr/Erth      2%         N/A       100%        5
 Curse of Agony           Necr           5%         N/A       100%        5
 Fireball                 Conj/Fire      2%         3d4       100%        5
 Freezing Cloud           Conj/Ice/Air   5%         6-21      100%        5
 Irradiate                Conj/Alch      2%         3d12      100%        5
 Iskenderun's Battlesphe  Conj           5%         2d6       100%        5
 Lee's Rapid Deconstruct  Erth           2%         3d5*      100%        5
 Conjure Ball Lightning   Conj/Air       2%         3x3d6     100%        6
 Dispersal                Tloc           2%         N/A       100%        6
 Eringya's Noxious Bog    Alch           2%         4d6       100%        6
 Plasma Beam              Fire/Air       2%         2x1d12    100%        6
 Starburst                Conj/Fire      2%         6d3       100%        6
 Orb of Destruction       Conj           2%         9d5       100%        7
 Ozocubu's Refrigeration  Ice            10%        4d9       100%        7
 Lehudib's Crystal Spear  Conj/Erth      2%         10d2      100%        8
 Maxwell's Capacitive Co  Air            2%         ∞         100%        8
 Chain Lightning          Conj/Air       2%         3d3       100%        9
 Fire Storm               Conj/Fire      2%         8d1       100%        9
 Polar Vortex             Ice            10%        12d1*     100%        9
 Shatter                  Erth           2%         3d6*      100%        9
 Tukima's Dance           Hex            Unusable   N/A       N/A         3
 Summon Small Mammal      Summ           Unusable   N/A       N/A         1
 Call Canine Familiar     Summ           Unusable   N/A       N/A         3
 Animate Armour           Summ/Erth      Unusable   N/A       N/A         4
 Animate Dead             Necr           Unusable   N/A       N/A         4
 Summon Lightning Spire   Summ/Air       Unusable   N/A       N/A         4
 Summon Forest            Summ/Tloc      Unusable   N/A       N/A         5
 Death Channel            Necr           Unusable   N/A       N/A         6
 Sculpt Simulacrum        Ice/Alch       Unusable   N/A       N/A         6
 Summon Cactus Giant      Summ           Unusable   N/A       N/A         6
 Spellforged Servitor     Conj/Summ      Unusable   N/A       N/A         7
 Summon Hydra             Summ           Unusable   N/A       N/A         7
 Infestation              Necr           Unusable   N/A       N/A         8
 Dragon's Call            Summ           Unusable   N/A       N/A         9

Inventory:

Hand Weapons
 a - the +8 mithril axe "Arga" (weapon) {speed, Will+}
   (You found it on level 6 of the Dungeon)

   Will+:     It increases your willpower.
 b - a +9 antimagic broad axe
 s - a +5 demon blade of flaming
Missiles
 h - 77 poisoned darts (quivered)
 l - 7 silver javelins
 p - 12 throwing nets {=f}
 I - 14 curare-tipped darts {=f}
Armour
 e - a +2 cloak of stealth (worn)
 r - a +2 pair of gloves (worn)
 w - the +1 pair of boots of the True Pharaoh (worn) {rC+}
   (You found it on level 5 of the Lair of Beasts)

   rC+:       It protects you from cold.
 O - a +9 crystal plate armour of cold resistance (worn)
 R - the +5 steam dragon scales of Thoughtfulness {Rampage rC+++ Int+3 Dex-5}
   (You found it on level 5 of the Lair of Beasts)

   Int+3:     It affects your intelligence (+3).
   Dex-5:     It affects your dexterity (-5).
   rC+++:     It renders you almost immune to cold.
   Rampage:   It bestows one free step when moving towards enemies.
 V - a +2 helmet (worn)
 Z - a +2 kite shield of cold resistance (worn)
Jewellery
 f - the ring of Balance {Fire Fly Will+ MP-9 Str+2}
   (You found it on level 1 of the Realm of Zot)

   [ring of fire]

   Fire:      It enhances your fire magic.
   Str+2:     It affects your strength (+2).
   rF+:       It protects you from fire.
   rC-:       It makes you vulnerable to cold.
   Will+:     It increases your willpower.
   MP-9:      It affects your magic capacity (-9).
   Fly:       It grants you flight.
 o - the ring "Xiulef" (right hand) {rF+ rN+ SInv}
   (You bought it in a shop on level 7 of the Dungeon)

   [ring of see invisible]

   rF+:       It protects you from fire.
   rN+:       It protects you from negative energy.
   SInv:      It lets you see invisible.
 v - the amulet "Giot" (around neck) {Acrobat rPois rF++ rCorr Dex-5}
   (You bought it in a shop on level 2 of the Orcish Mines)

   [amulet of the acrobat]

   Acrobat:   It increases your evasion while moving and waiting.
   Dex-5:     It affects your dexterity (-5).
   rF++:      It greatly protects you from fire.
   rPois:     It protects you from poison.
   rCorr:     It protects you from acid and corrosion.
 S - a +6 ring of strength (left hand)
Wands
 y - a wand of light (10)
 A - a wand of digging (8)
 C - a wand of polymorph (37)
 E - a wand of flame (160)
 P - a wand of roots (51)
 X - a wand of mindburst (21)
Scrolls
 g - 2 scrolls of revelation
 k - 11 scrolls of poison
 m - 17 scrolls of teleportation {@r2}
 n - 11 scrolls of amnesia
 q - 5 scrolls of enchant weapon
 x - 8 scrolls of immolation
 z - 5 scrolls of fog
 B - 11 scrolls of vulnerability
 D - 7 scrolls of noise
 G - 6 scrolls of fear
Potions
 c - 4 potions of invisibility
 d - 7 potions of attraction
 i - 8 potions of berserk rage {!q}
 u - 8 potions of lignification
 F - 10 potions of heal wounds {@q2}
 J - 4 potions of mutation
 K - 9 potions of brilliance
 L - 16 potions of curing {@q1}
 N - 4 potions of cancellation
 Q - 3 potions of enlightenment
 U - 3 potions of resistance
 W - 3 potions of magic
 Y - 9 potions of ambrosia
Miscellaneous
 t - a phial of floods
 T - a lightning rod (4/4)

Dungeon Overview and Level Annotations

Branches:
Dungeon (15/15)            Temple (0/1) D:5            Lair (5/5) D:10
  Swamp (4/4) Lair:2       Spider (4/4) Lair:2        Slime (0/5) Lair:4
    Orc (2/2) D:9             Elf (3/3) Orc:2        Vaults (5/5) D:14
  Crypt (2/3) Vaults:2     Depths (4/4) D:15            Zot (5/5) Depths:4
  IceCv (visited)          WizLab (visited)

Altars:
Ashenzari
Cheibriados
Dithmenos
Kikubaaqudgha
Qazlal
Ru
Sif Muna
Uskayaw
Vehumet
Wu Jian
Xom

Shops:
D:7 **(?=   D:9 *   Orc:2 [!(:=   Elf:2 (   Vaults:2 (   Vaults:5 ??!
Depths:1 ==   Depths:2 [   Depths:3 !   Depths:4 :=:

Portals:
Hell: Depths:1 Depths:2 Depths:3 Depths:4
Abyss: Depths:2 Depths:3
Pandemonium: Depths:2 Depths:4
Ziggurat: Depths:1
Trove: Depths:3 (lose all piety)

Annotations:
D:2 1 runed translucent door, Crazy Yiuf
D:9 3 runed translucent doors, ggggg's ghost, journeyman MiFi
D:14 1 runed translucent door, Toqeudirer's ghost, journeyman DsMo
Lair:5 2 transporters, scarr's ghost, journeyman CoBe
Elf:1 3 runed translucent doors
Elf:2 3 runed translucent doors
Elf:3 1 runed translucent door, Qikim's ghost, journeyman GrEE
Crypt:2 Grunn
Zot:1 exclusion: 2 downstairs
Zot:5 exclusion: obsidian statue

# #.# ##.....#....#..## #
####.###....###...##...##
#### #.....##..###
###.####..#
...###.#####..##.# ##..#
##.# ...#...## #..##.#
#..######.#
÷.......####..##.###..#
#.##.#
...####.##.##..#.##..##
#.##.## ...#
#.#...##.#....## #.##..#
..#####.....##..@.####
#.###.##
#...........####.###.# #.#
#..# #######...........##.##
#.# ##.# .#
#...........##..###.# #.#
.##
##...........##.....####.##
..#
##.......X#...........#..#
#.#
##........####.....#..##.#
#.#
#...........###........#..
#.##
###............##......#.#..


You could see an Orb Guardian.


Message History

The demonspawn corrupter invokes the aid of Lugonu against you.
The entropic weave corrodes you! The cacodemon gestures at you.
The bolt of devastation hits you!!
Your willpower is stripped away!
You hear a grinding noise.
You hear a grinding noise.
You hear a grinding noise.
Things that are here:
a +0 leather armour; a +0 war axe You feel your willpower return.
You hear a grinding noise.
There is a stone staircase leading up, spattered with blood here.
You climb upwards.
Level annotation: 1 runed translucent door, Crazy Yiuf
There is a stone staircase leading down here.
You are no longer corroded.
There is a stone staircase leading up here.
You climb upwards.
There is a stone staircase leading down here.
An Orb Guardian comes into view.
The Orb Guardian moves out of view.
Your extra speed is starting to run out.
Aiming: Dig
Press: ? - help, Shift-Dir - straight line A rock wall.
This square is covered in magical glow.
The rock shatters into small pieces.
Unknown command.
There is a staircase leading out of the dungeon here.
You have escaped!

Skill      XL: |  1  2  3  4  5  6  7  8  9 10 11 12 13 14 15 16 17 18 19 20 21 22 23 24 |
---------------+-------------------------------------------------------------------------+-----
Short Blades   | 2 3 4 6 |  6.0
Hexes          | 5 6 8 9 10 15 16 | 16.6
Spellcasting   | 3 4 6 |  6.0
Fighting       | 2 4 6 8 12 15 16 17 18 21 23 26 | 26.7
Ice Magic      | 2 4 |  4.0
Stealth        | 5 7 |  7.0
Dodging        | 3 5 6 7 |  7.0
Evocations     | 1 2 3 6 |  6.0
Axes           | 5 10 12 13 16 18 | 18.0
Shields        | 4 6 10 12 14 15 16 | 16.3
Armour         | 1 4 6 9 12 14 15 16 18 | 18.0

Action                     |  1- 3 |  4- 6 |  7- 9 | 10-12 | 13-15 | 16-18 | 19-21 | 22-24 | 25-27 || total
---------------------------+-------+-------+-------+-------+-------+-------+-------+-------+-------++-------
  Melee: Dagger            |    58 |    84 |   110 |    20 |       |       |       |       |       ||   272
         Bite              |     6 |     7 |    18 |    70 |   221 |   388 |   482 |   624 |    16 ||  1832
         Broad axe         |       |       |    45 |   600 |  1238 |  1984 |  2447 |  3001 |    89 ||  9404
         Hand axe          |       |       |       |       |    19 |   199 |       |       |       ||   218
  Throw: Dart              |       |       |       |       |    11 |    95 |    18 |     2 |       ||   126
   Cast: Ensorcelled Hiber |     8 |    44 |    57 |    32 |    21 |       |       |       |       ||   162
         Confusing Touch   |       |     2 |     5 |     3 |     6 |       |       |       |       ||    16
         Tukima's Dance    |       |       |     2 |    14 |       |       |       |       |       ||    16
         Dazzling Flash    |       |       |       |     1 |       |       |       |       |       ||     1
 Invoke: Sacrifice Words   |       |       |     1 |       |       |       |       |       |       ||     1
         Sacrifice Resista |       |       |       |     1 |       |       |       |       |       ||     1
         Apocalypse        |       |       |       |     3 |     8 |    10 |    11 |    17 |     1 ||    50
         Sacrifice Love    |       |       |       |     1 |       |       |       |       |       ||     1
         Sacrifice Drink   |       |       |       |     1 |       |       |       |       |       ||     1
         Draw Out Power    |       |       |       |       |     1 |       |       |     1 |       ||     2
         Power Leap        |       |       |       |       |     1 |     1 |     1 |     2 |       ||     5
  Evoke: Wand              |       |       |     5 |     4 |     5 |     5 |    20 |    17 |     4 ||    60
         Phial of floods   |       |       |       |       |       |     1 |       |       |       ||     1
         Lightning rod     |       |       |       |       |       |       |     2 |       |       ||     2
    Use: Scroll            |       |       |       |    20 |    10 |     7 |    15 |    10 |     1 ||    63
         Potion            |       |       |       |     1 |     2 |     8 |     5 |    21 |     5 ||    42
   Stab: Sleeping          |    12 |    35 |    49 |    49 |    52 |     6 |       |       |       ||   203
         Confused          |       |     1 |     6 |     4 |    10 |       |       |       |       ||    21
         Invisible         |       |       |     1 |     5 |    13 |    10 |    28 |    48 |       ||   105
         Distracted        |       |       |     1 |     5 |    12 |    18 |     2 |    23 |       ||    61
         Paralysed         |       |       |       |       |     9 |    25 |    22 |    55 |       ||   111
         Petrified         |       |       |       |       |     1 |       |       |       |       ||     1
 Armour: Robe              |    27 |    39 |    92 |   253 |       |       |       |       |       ||   411
         Troll leather arm |       |       |       |    16 |   130 |       |       |       |       ||   146
         Steam dragon scal |       |       |       |       |   356 |    19 |       |       |       ||   375
         Crystal plate arm |       |       |       |       |       |  1369 |  1137 |  1579 |    42 ||  4127
  Dodge: Dodged            |    23 |    53 |    85 |   324 |   377 |   185 |   241 |   281 |     7 ||  1576
  Block: Buckler           |       |       |       |    80 |    92 |       |       |       |       ||   172
         Kite shield       |       |       |       |       |   237 |  1093 |   956 |  1069 |    24 ||  3379

Levels and vault maps discovered:
D:1:      dpeg_arrival_round_b, layout_rooms
D:2:      layout_loops_ring, serial_bayou_pond_d, uniq_crazy_yiuf_cottage,
          uniq_sigmund
D:3:      layout_loops_ring, grunt_ministairs_2, uniq_terence
D:4:      layout_rooms, serial_glass, glass_columns_b, glass_columns_b,
          due_unseen_surprise
D:5:      layout_rooms, minitemple, minmay_temple_entry_large_hall,
          gammafunk_ghost_split, eino_small_chamber_without_monster,
          minmay_misc_feat_pillars
D:6:      minmay_octagon_keep, layout_cave_pods, uniq_pikel, uniq_blork_the_orc,
          uniq_maggie
D:7:      bobbens_index_wilting_gardens, layout_gridville,
          nicolae_sif_muna_little_library, serial_shops, shop, shop, shop, shop,
          kennysheep_mini_moat, chequers_big_river, uniq_maurice, uniq_duvessa,
          uniq_joseph
D:8:      layout_basic
D:9:      layout_basic, erik_orc_3, serial_shops, nicolae_shop_real_fake_doors,
          gammafunk_ghost_necromancy
D:10:     layout_big_octagon, due_lair_maze_entry_diamond, serial_gnoll_camp,
          gnoll_camp_mini_loothouse, gnoll_camp_mini_hut, gnoll_camp_medium_02,
          gnoll_camp_huts_moat, uniq_erica
D:11:     layout_loops_ring, minmay_the_grid_2x2
          [minmay_the_grid_zigzag_pyramid, minmay_the_grid_broken_lines,
          minmay_the_grid_aliased_spiral, minmay_the_grid_prize_trominoes]
D:12:     layout_stronghold
D:13:     layout_long_grid
D:14:     minmay_razor_zed, layout_irregular_city, erik_vaults_1,
          kiku_gazebo_garden_becter, hellmonk_ghost_happy_afterlife,
          minmay_misc_feat_tower, moated_statue
D:15:     hangedman_depths_entry_civil_slaughter, layout_stronghold, zin_angel,
          grunt_decor_cap, uniq_josephine
Lair:1:   layout_chaotic_city, grunt_megastairs_3
Lair:2:   layout_cave_pods, swamp_mist_pool, dummy_spider_entry,
          beast_lair_carwin_5
Lair:3:   layout_regular_city, uniq_snorg, uniq_amaemon, uniq_sonja,
          uniq_gastronok
Lair:4:   layout_concentric_octagons, nicolae_slime_entry_slimehenge
Lair:5:   grunt_lair_end_beastmaster, layout_regular_city,
          gammafunk_ghost_berserking_beasts, grunt_megastairs_1
Swamp:1:  layout_falls_marsh, evilmike_swamp_ruin_house_5, swamp_pool_1_2,
          uniq_nikola
Swamp:2:  layout_basic_swamp, nicolae_swamp_tree_isthmus, uniq_frances
Swamp:3:  layout_basic_swamp, hangedman_swamp_ruin_wall,
          nicolae_swamp_well_well_well
Swamp:4:  swamp_basic_johnstein, layout_basic_swamp, uniq_aizul
Spider:1: layout_spider_delve, nicolae_spider_baby_got_redback, uniq_rupert,
          uniq_mlioglotl
Spider:2: layout_spider_delve, nicolae_crawler_farm
Spider:3: layout_chambers, nicolae_spider_paper_wasps,
          hangedman_spider_tarantella_strand, uniq_arachne
Spider:4: hellmonk_spider_rune_bug_friends
Orc:1:    cheibrodos_orc_guarddog, layout_caves, uniq_urug
Orc:2:    kennysheep_orc_mage_school, layout_diamond_mine,
          portal_ice_cave_entry_pillars_1, serial_shops,
          nicolae_shop_tiny_waterfront
Elf:1:    eino_elf_arrival_the_gate, layout_loops_corners,
          ploomutoo_gammafunk_ghost_potion_laboratory, guppyfry_library_mini,
          uniq_norris
Elf:2:    nicolae_elf_blades_crystal_corner, layout_geoelf_diagonals,
          basic_altar, small_statue_intersection, st_stairs_9,
          nicolae_elf_big_sculpture_2, nicolae_shop_firing_range
Elf:3:    grunt_elf_hall_asides, layout_geoelf_octagon, gammafunk_ghost_grave
Vaults:1: lightli_enter_wizlab_magi_temple, nicolae_vaults_meeting,
          nicolae_vaults_network_s, vaults_dpeg_diagonal,
          nicolae_vaults_variable_pillar_hall_cross, hangedman_vaults_corner,
          nicolae_vaults_yaktaur_gun_rack, hangedman_vaults_restitches,
          nicolae_vaults_mitosis, vaults_mumra_minichess,
          nicolae_vaults_diamond_2, nicolae_vaults_little_ls,
          layout_vaults_big_cross, uniq_saint_roka
Vaults:2: minmay_crypt_entry_simple_statues,
          nicolae_vaults_variable_pillar_hall, nicolae_vaults_stepped_doors,
          grunt_vaults_swirl, v_misc_22, v_misc_31,
          nicolae_vaults_ninety_degrees, ontoclasm_vaults_eye,
          hangedman_vaults_locks, nicolae_vaults_tetromino_T_2,
          layout_vaults_ring, serial_shops, nicolae_shop_gibbet_a_chance
Vaults:3: nicolae_vaults_fighting_squares, nicolae_vaults_puzzle_piece,
          vaults_mumra_lcd, vaults_standard_mumra_x, v_misc_12,
          nicolae_vaults_more_shelving_2, ontoclasm_vaults_decontamination,
          vaults_standard_mumra_lines, nicolae_vaults_tetromino_T_1,
          nicolae_vaults_mini_display_case, nicolae_vaults_circle_grid_b,
          vaults_dpeg_ring, vaults_room_pool, grunt_vaults_hallway_short,
          grunt_vaults_hallway_short, layout_vaults_maze_snakey
Vaults:4: nicolae_vaults_variable_pillar_hall, v_misc_24, v_misc_26,
          nicolae_vaults_double_plus_1, nicolae_vaults_hallways_thing,
          nicolae_vaults_tetromino_Z_1, lightli_orcish_oven,
          nicolae_vaults_trapezoid_layered,
          nicolae_vaults_offset_grid_hallway_2, ontoclasm_vaults_shout,
          nicolae_vaults_big_angled_halls, nicolae_vaults_asterisk,
          nicolae_vaults_little_squares_1, nicolae_vaults_sesquioval_fish,
          nicolae_vaults_house_1, layout_vaults_omnibox, uniq_margery, uniq_jory
Vaults:5
Crypt:1:  layout_misc_corridors, nicolae_crypt_lichyard,
          grunt_crypt_arrival_split
Crypt:2:  layout_gridlike, grunt_megastairs_5, uniq_grunn
Depths:1: layout_basic, enter_ziggurat_f, pf_vacation_house_of_asmodeus,
          serial_curves, eino_curves_03, eino_curves_04,
          kennysheep_generic_room_6, minmay_shoptagon, firewood_loft
Depths:2: nooodl_heptagram, layout_long_grid, rand_demon_pan_entry_4,
          serial_shops, nicolae_shop_crystal, abyss_entry, fedhas_altar_1,
          pf_coc_iceberg
Depths:3: hangedman_elemental_death_ray, layout_cave_shapes,
          hangedman_abyss_entry_splay, pdpol_wu_jian_five_deadly_venoms,
          serial_shops, shop, nicolae_trove_entry_diagonal,
          grunt_hell_entry_dis_grunt, infiniplex_staircase_pillars_3a
Depths:4: evilmike_zot_entry_gauntlet, layout_gridlike, hell_entry,
          nicolae_kite_square_tiling_tiny, pan_entry,
          eat_drink_and_be_merry_uskayaw, minmay_shop_grove
Zot:1:    dreamdust_black_sun_cult, layout_concentric_octagons,
          lemuel_baited_zot_trap, grunt_megastairs_4
Zot:2:    layout_onion, bh_zot_levy_curve, grunt_megastairs_2
Zot:3:    layout_onion_interference, skrybe_zot_glass_1
Zot:4:    gammafunk_sealed_library, layout_onion_interference
Zot:5:    layout_cellular_growth, nicolae_tricolors

Notes
Turn   | Place    | Note
-------+----------+-------------------------------------------
     0 | D:1      | Drazool the Vampire Enchanter began the quest for the Orb.
     0 | D:1      | Reached XP level 1. HP: 13/13 MP: 3/3
    69 | D:1      | Reached skill level 2 in Short Blades
    82 | D:1      | Reached XP level 2. HP: 19/19 MP: 5/5
    88 | D:1      | Learned a level 2 spell: Ensorcelled Hibernation
   306 | D:1      | Reached skill level 3 in Short Blades
   798 | D:2      | Noticed Sigmund
   802 | D:2      | Killed Sigmund
   803 | D:2      | Reached skill level 5 in Hexes
   803 | D:2      | Reached skill level 3 in Spellcasting
   803 | D:2      | Reached skill level 2 in Fighting
   803 | D:2      | Reached skill level 2 in Ice Magic
   803 | D:2      | Gained mutation: You are afflicted with vampirism and can
                  | become a bat while bloodless. [Vampire growth]
   803 | D:2      | Reached XP level 3. HP: 27/27 MP: 3/7
   803 | D:2      | Reached XP level 4. HP: 33/33 MP: 3/8
   803 | D:2      | Reached XP level 5. HP: 38/38 MP: 3/9
  1394 | D:2      | Found a runed translucent door.
  1395 | D:2      | Noticed Crazy Yiuf
  1729 | D:3      | Noticed a phantom
  1733 | D:3      | Reached skill level 5 in Stealth
  1964 | D:3      | Reached skill level 3 in Dodging
  2109 | D:3      | Reached skill level 1 in Evocations
  2159 | D:3      | Noticed Terence
  2166 | D:3      | Killed Terence
  2167 | D:3      | Reached XP level 6. HP: 44/44 MP: 5/10
  2348 | D:2      | Learned a level 3 spell: Confusing Touch
  2352 | D:2      | Learned a level 3 spell: Tukima's Dance
  2368 | D:3      | Reached skill level 2 in Evocations
  2678 | D:3      | Learned a level 3 spell: Dazzling Flash
  2885 | D:4      | Identified the +1 robe of Indecent Exposure {^Contam
                  | Rampage Int+5 Archmagi}
  3350 | D:4      | Reached skill level 4 in Short Blades
  3350 | D:4      | Reached skill level 6 in Hexes
  3350 | D:4      | Reached XP level 7. HP: 50/50 MP: 8/11
  3548 | D:5      | Entered Level 5 of the Dungeon
  3558 | D:5      | You fall into a shaft and drop 1 floor!
  3566 | D:5      | Noticed backslashecho's ghost (novice DsGl)
  3566 | D:5      | Found a runed translucent gate.
  3566 | D:5      | Found a runed translucent gate.
  3566 | D:5      | Found a runed translucent gate.
  3572 | D:5      | Noticed a steam dragon
  3585 | D:5      | Reached skill level 4 in Dodging
  3589 | D:5      | Killed a steam dragon
  3590 | D:5      | Reached skill level 5 in Dodging
  3738 | D:5      | Found a shadowy altar of Dithmenos.
  3740 | D:5      | Found a broken altar of Ashenzari.
  3744 | D:5      | Found a snail-covered altar of Cheibriados.
  3744 | D:5      | Found a blossoming altar of Fedhas.
  3744 | D:5      | Found a sacrificial altar of Ru.
  3745 | D:5      | Found an ornate altar of the Wu Jian Council.
  3746 | D:5      | Found a stormy altar of Qazlal.
  3747 | D:5      | Found an ancient bone altar of Kikubaaqudgha.
  3748 | D:5      | Found a shimmering altar of Xom.
  3749 | D:5      | Found a radiant altar of Vehumet.
  3752 | D:5      | Became a worshipper of Ru the Awakened
  3811 | D:5      | Found a staircase to the Ecumenical Temple.
  3866 | D:5      | Reached skill level 3 in Fighting
  4162 | D:5      | Reached skill level 4 in Fighting
  4230 | D:5      | Noticed a troll
  4487 | D:6      | Reached XP level 8. HP: 60/60 MP: 10/13
  4566 | D:6      | Noticed Pikel
  4602 | D:6      | Killed Pikel
  4603 | D:6      | Reached skill level 4 in Spellcasting
  4603 | D:6      | Reached skill level 8 in Hexes
  4603 | D:6      | Reached skill level 6 in Stealth
  4697 | D:6      | Reached skill level 7 in Stealth
  4769 | D:6      | Reached skill level 5 in Short Blades
  5102 | D:6      | Gained mutation: You occasionally lose the ability to read
                  | scrolls when taking damage. [Ru sacrifice]
  5102 | D:6      | Gained mutation: You sometimes lose the ability to read
                  | scrolls when taking damage. [Ru sacrifice]
  5102 | D:6      | Reached * piety under Ru
  5146 | D:6      | Noticed Maggie
  5157 | D:6      | Killed Maggie
  5158 | D:6      | Reached skill level 6 in Short Blades
  5158 | D:6      | Reached skill level 6 in Dodging
  5158 | D:6      | Reached XP level 9. HP: 65/65 MP: 10/15
  5197 | D:6      | Noticed Blork the orc
  5202 | D:6      | Killed Blork the orc
  5252 | D:6      | Reached skill level 7 in Dodging
  5441 | D:6      | Found the +8 mithril axe "Arga" {speed, Will+}
  5453 | D:6      | Reached skill level 9 in Hexes
  6039 | D:7      | Found Qul Nakk's General Store.
  6045 | D:7      | Bought a scroll of identify for 30 gold pieces
  6047 | D:7      | Found Fehouddo's Antique Weapon Shoppe.
  6073 | D:7      | Reached skill level 1 in Axes
  6115 | D:7      | Reached skill level 2 in Axes
  6182 | D:7      | Reached skill level 3 in Axes
  6231 | D:7      | Noticed Joseph
  6245 | D:7      | Killed Joseph
  6246 | D:7      | Reached skill level 4 in Axes
  6256 | D:7      | Reached skill level 5 in Axes
  6391 | D:7      | Reached XP level 10. HP: 69/71 MP: 14/16
  6430 | D:7      | Found Huteji's Jewellery Shop.
  6466 | D:7      | Found Dickiuk's Magic Scroll Emporium.
  6469 | D:7      | Bought a scroll of identify for 26 gold pieces
  6562 | D:7      | Reached skill level 6 in Axes
  6598 | D:7      | Found Hyosudd's Assorted Antiques.
  6630 | D:7      | Noticed Maurice
  6638 | D:7      | Maurice stole 43 gold
  6640 | D:7      | Killed Maurice
  6712 | D:7      | Reached skill level 7 in Axes
  6811 | D:7      | Noticed Dowan
  6829 | D:7      | Noticed Duvessa
  6842 | D:7      | Killed Dowan
  6843 | D:7      | Killed Duvessa
  6844 | D:7      | Reached skill level 8 in Axes
  6926 | D:7      | Identified the +11 battleaxe "Isuitasune" {flame, ^Fragile
                  | rElec rC- Dex+8}
  7220 | D:7      | Found a shimmering blue altar of Sif Muna.
  7231 | D:7      | Gained mutation: You are sensitive to extremes of
                  | temperature. (rF-, rC-) [Ru sacrifice]
  7231 | D:7      | Reached ** piety under Ru
  7231 | D:7      | Reached *** piety under Ru
  7514 | D:8      | Noticed a two-headed ogre
  7514 | D:8      | Noticed a two-headed ogre
  7516 | D:8      | Reached skill level 9 in Axes
  7661 | D:8      | Killed a two-headed ogre
  7695 | D:8      | Killed a two-headed ogre
  7696 | D:8      | Reached skill level 10 in Axes
  7920 | D:8      | Reached XP level 11. HP: 77/77 MP: 17/17
  8400 | D:9      | Found a runed translucent gate.
  8400 | D:9      | Found a runed translucent gate.
  8400 | D:9      | Found a runed translucent gate.
  8462 | D:9      | Reached skill level 11 in Axes
  8953 | D:9      | Found a staircase to the Orcish Mines.
  9323 | D:9      | Found Paco's General Store.
  9414 | D:9      | Noticed ggggg's ghost (journeyman MiFi)
  9818 | D:10     | Entered Level 10 of the Dungeon
  9920 | D:10     | Noticed a two-headed ogre
  9929 | D:10     | Killed a two-headed ogre
  9930 | D:10     | Reached skill level 12 in Axes
  9930 | D:10     | Reached skill level 10 in Hexes
  9930 | D:10     | Reached skill level 1 in Shields
  9939 | D:9      | Reached skill level 2 in Shields
  9972 | D:10     | Noticed Erica
 10012 | D:10     | Noticed a two-headed ogre
 10017 | D:9      | Killed a two-headed ogre
 10018 | D:9      | Reached skill level 3 in Shields
 10022 | D:9      | Reached skill level 4 in Shields
 10076 | D:10     | Killed Erica
 10123 | D:9      | Gained mutation: You are hated by all. [Ru sacrifice]
 10123 | D:9      | Reached **** piety under Ru
 10123 | D:9      | Reached ***** piety under Ru
 10130 | D:10     | Reached skill level 5 in Fighting
 10287 | D:10     | Found a staircase to the Lair.
 10304 | D:10     | Reached skill level 6 in Fighting
 10305 | D:10     | Reached skill level 3 in Evocations
 10478 | D:10     | Reached skill level 1 in Armour
 10478 | D:10     | Reached XP level 12. HP: 71/72 MP: 9/18
 10956 | Lair:1   | Entered Level 1 of the Lair of Beasts
 10986 | Lair:1   | Reached skill level 2 in Armour
 10995 | Lair:1   | Reached skill level 3 in Armour
 11068 | Lair:1   | Reached skill level 4 in Armour
 11175 | Lair:1   | Reached skill level 3 in Ice Magic
 11213 | Lair:1   | Reached skill level 4 in Ice Magic
 11482 | Lair:1   | Gained mutation: You occasionally lose the ability to drink
                  | potions when taking damage. [Ru sacrifice]
 11482 | Lair:1   | Gained mutation: You sometimes lose the ability to drink
                  | potions when taking damage. [Ru sacrifice]
 11482 | Lair:1   | Reached ****** piety under Ru
 11639 | D:7      | Bought a +6 ring of strength for 540 gold pieces
 11962 | Lair:2   | Reached skill level 7 in Fighting
 12033 | Lair:2   | Found a hole to the Spider Nest.
 12053 | Lair:2   | Found a staircase to the Swamp.
 12092 | Lair:2   | Reached skill level 8 in Fighting
 12168 | Lair:2   | Gained mutation: You are agile. (Dex +4, Str/Int -1)
                  | [potion of mutation]
 12168 | Lair:2   | Gained mutation: Your spells are a little easier to cast,
                  | but a little less powerful. [potion of mutation]
 12176 | Lair:2   | Gained mutation: Your spells are easier to cast, but less
                  | powerful. [mutagenic glow]
 12394 | Lair:2   | Learned a level 5 spell: Silence
 12842 | Lair:3   | Reached skill level 13 in Axes
 12939 | Lair:3   | Noticed Snorg
 12948 | Lair:3   | Killed Snorg
 12949 | Lair:3   | Reached XP level 13. HP: 82/93 MP: 10/19
 13155 | Lair:3   | Noticed Gastronok
 13195 | Lair:3   | Killed Gastronok
 13738 | Lair:3   | Noticed Sonja
 13741 | Lair:3   | Killed Sonja
 13742 | Lair:3   | Reached skill level 14 in Axes
 13952 | Lair:3   | Noticed Amaemon
 13966 | Lair:3   | Killed Amaemon
 14405 | Lair:4   | Found a staircase to the Slime Pits.
 14691 | Lair:5   | Entered Level 5 of the Lair of Beasts
 14695 | Lair:5   | Reached skill level 15 in Axes
 14998 | Lair:5   | Reached skill level 16 in Axes
 15196 | Lair:5   | Found a transporter.
 15202 | Lair:5   | Noticed scarr's ghost (journeyman CoBe)
 15357 | Lair:5   | Reached XP level 14. HP: 94/105 MP: 20/20
 15526 | Lair:5   | Reached skill level 17 in Axes
 15874 | Lair:5   | Found a transporter.
 16076 | Lair:5   | Identified the +1 pair of boots of the True Pharaoh {rC+}
 16094 | Lair:5   | Identified the +5 steam dragon scales of Thoughtfulness
                  | {Rampage rC+++ Int+3 Dex-5}
 16135 | Lair:5   | Learned a level 4 spell: Cause Fear
 16390 | Orc:1    | Entered Level 1 of the Orcish Mines
 16583 | Orc:1    | Noticed Urug
 16602 | Orc:1    | Killed Urug
 17170 | Orc:2    | Entered Level 2 of the Orcish Mines
 17222 | Orc:2    | Found a frozen archway.
 17232 | IceCv    | Entered an ice cave
 17263 | IceCv    | Reached skill level 18 in Axes
 17398 | IceCv    | Reached skill level 5 in Armour
 17506 | IceCv    | Identified the +1 shortbow "Gotor" {freeze, rN+++ Dex+3
                  | Stlth+}
 17544 | IceCv    | Noticed a frost giant
 17548 | IceCv    | Reached skill level 6 in Armour
 17555 | IceCv    | Killed a frost giant
 17556 | IceCv    | Reached skill level 5 in Shields
 17730 | IceCv    | Identified a +2 crystal plate armour of cold resistance
 18345 | Orc:2    | Found Unale's Jewellery Shoppe.
 18363 | Orc:2    | Bought a +6 ring of strength for 432 gold pieces
 18395 | Orc:2    | Found a staircase to the Elven Halls.
 18462 | Orc:2    | Found Peuni's Book Shop.
 18465 | Orc:2    | Reached skill level 6 in Shields
 18694 | Orc:2    | Found Uceso's Antique Weapon Boutique.
 18780 | Orc:2    | Found a radiant altar of Vehumet.
 18794 | Orc:2    | Paralysed by an orc sorcerer for 3 turns
 18808 | Orc:2    | Found Jesuxeuh's Distillery.
 18826 | Orc:2    | Reached XP level 15. HP: 104/106 MP: 21/21
 18847 | Orc:2    | Noticed Nergalle
 18862 | Orc:2    | Found an ancient bone altar of Kikubaaqudgha.
 18867 | Orc:2    | Killed Nergalle
 18900 | Orc:2    | Bought a potion of lignification for 30 gold pieces
 18900 | Orc:2    | Bought a potion of attraction for 30 gold pieces
 18900 | Orc:2    | Bought a potion of might for 40 gold pieces
 18908 | Orc:2    | Found Bobles's Antique Armour Boutique.
 18929 | Orc:2    | Reached skill level 7 in Armour
 20000 | D:11     | Reached skill level 8 in Armour
 20118 | D:11     | Got the Thoughts on Momentum
 20148 | D:11     | Identified the ring of Hahunt {*Slow rN+ Int+3 SInv}
 20421 | D:12     | Reached skill level 5 in Spellcasting
 20742 | D:12     | Identified a scroll of acquirement
 20742 | D:12     | Acquired 891 gold pieces
 21512 | D:13     | Reached skill level 6 in Spellcasting
 21821 | D:7      | Bought the ring "Xiulef" {rF+ rN+ SInv} for 498 gold pieces
 22103 | D:13     | Reached skill level 9 in Fighting
 22459 | D:14     | Reached skill level 10 in Fighting
 22680 | D:14     | Found a runed translucent door.
 22683 | D:14     | Noticed Toqeudirer's ghost (journeyman DsMo)
 22790 | D:14     | Found a gate to the Vaults.
 22809 | D:14     | Reached skill level 11 in Fighting
 22834 | D:14     | Identified the +5 spear of Touk {vamp, ^Drain rC+ Dex+2}
 22944 | D:14     | Reached skill level 12 in Fighting
 22981 | D:14     | Found an ancient bone altar of Kikubaaqudgha.
 23404 | D:15     | Entered Level 15 of the Dungeon
 23454 | D:15     | Reached skill level 9 in Armour
 23484 | D:15     | Found a staircase to the Depths.
 23654 | D:15     | Identified a +0 robe of resistance
 23654 | D:15     | Noticed Josephine
 23677 | D:15     | Killed Josephine
 23678 | D:15     | Reached XP level 16. HP: 87/123 MP: 25/25
 23968 | D:15     | Reached skill level 10 in Armour
 24566 | Spider:1 | Entered Level 1 of the Spider Nest
 24577 | Spider:1 | Reached skill level 7 in Shields
 24694 | Orc:2    | Bought the amulet "Giot" {Acrobat rPois rF++ rCorr Dex-5}
                  | for 645 gold pieces
 25180 | Spider:1 | Reached skill level 8 in Shields
 25262 | Spider:1 | Noticed Mlioglotl
 25307 | Lair:2   | Killed Mlioglotl
 25494 | Spider:1 | Noticed Rupert
 25499 | Spider:1 | Killed Rupert
 25505 | Spider:1 | Reached skill level 9 in Shields
 25920 | Spider:2 | Reached skill level 10 in Shields
 26348 | Spider:2 | Reached skill level 11 in Armour
 27083 | Spider:2 | Identified the +2 flail "Voiplaet" {heavy, Fly}
 27221 | Spider:2 | Identified a potion of resistance
 27761 | Spider:3 | Noticed Arachne
 27778 | Spider:3 | Killed Arachne
 27779 | Spider:3 | Reached skill level 12 in Armour
 27787 | Spider:3 | Reached XP level 17. HP: 75/121 MP: 19/26
 29254 | Spider:4 | Entered Level 4 of the Spider Nest
 29727 | Spider:4 | Reached skill level 13 in Armour
 30646 | Spider:4 | Reached skill level 14 in Armour
 31305 | Spider:4 | Identified a scarf of resistance
 31368 | Spider:4 | Got a gossamer rune of Zot
 31800 | Swamp:1  | Entered Level 1 of the Swamp
 31800 | Swamp:1  | Noticed Nikola
 31832 | Lair:2   | Killed Nikola
 31958 | Swamp:1  | Reached skill level 11 in Shields
 32816 | Swamp:1  | You fall into a shaft and drop 1 floor!
 32837 | Swamp:2  | Noticed Frances
 32860 | Swamp:2  | Killed Frances
 33129 | Swamp:2  | Reached skill level 12 in Shields
 33703 | Swamp:3  | Identified the +3 scale mail of Zylihod {rCorr MP+9 Str-2
                  | SInv}
 34110 | Swamp:4  | Entered Level 4 of the Swamp
 34137 | Swamp:4  | Reached XP level 18. HP: 132/140 MP: 27/27
 34381 | Swamp:4  | Reached skill level 13 in Shields
 34409 | Swamp:4  | Identified the serpent talisman "Cewagg" {Dex+2 SInv}
 34409 | Swamp:4  | Noticed Aizul
 34418 | Swamp:4  | Killed Aizul
 34991 | Swamp:4  | Reached skill level 14 in Shields
 35358 | Swamp:4  | Got a decaying rune of Zot
 35592 | Elf:1    | Entered Level 1 of the Elven Halls
 35611 | Orc:2    | Reached skill level 13 in Fighting
 35845 | Vaults:1 | Entered Level 1 of the Vaults
 36004 | Vaults:1 | Found a magical portal.
 36025 | WizLab   | Entered Iskenderun's Mystic Tower
 36642 | Vaults:1 | Reached skill level 14 in Fighting
 37013 | Vaults:1 | Reached skill level 15 in Fighting
 37034 | Vaults:1 | Identified the +7 mace of the Shrinking Shark {elec, *Noise
                  | rC++ Int+8 Dex-2}
 37330 | Vaults:1 | Identified the +8 arbalest of Entrepreneurial Spirit
                  | {penet, rC++}
 37446 | Vaults:1 | Noticed Saint Roka
 37483 | Vaults:1 | Killed Saint Roka
 37782 | Vaults:1 | Upgraded the game from 0.32-a0-675-gdc239d62e1 to
                  | 0.32-a0-685-g93135e86f0
 37836 | Vaults:2 | Reached XP level 19. HP: 143/144 MP: 28/28
 37877 | Vaults:2 | Reached skill level 16 in Fighting
 38134 | Vaults:2 | Found a staircase to the Crypt.
 38194 | Vaults:2 | Reached skill level 11 in Hexes
 38978 | D:9      | Bought a scroll of enchant armour for 105 gold pieces
 39284 | D:5      | Killed backslashecho's ghost
 39744 | Vaults:2 | Reached skill level 12 in Hexes
 40033 | Vaults:2 | Found Gismo's Antique Weapon Shop.
 40041 | Vaults:2 | Bought a glowing broad axe for 245 gold pieces
 40564 | Vaults:3 | Reached skill level 13 in Hexes
 40904 | Vaults:3 | Reached skill level 15 in Armour
 41155 | Vaults:3 | Reached skill level 14 in Hexes
 41821 | Vaults:3 | Reached skill level 15 in Hexes
 42388 | Vaults:4 | Reached XP level 20. HP: 164/164 MP: 29/29
 42761 | Vaults:4 | Reached skill level 16 in Hexes
 43072 | Vaults:4 | Noticed Jory
 43446 | Vaults:4 | Killed Jory
 43472 | Vaults:4 | Reached skill level 16 in Armour
 44557 | Elf:1    | Paralysed by an air elemental for 1 turns
 44824 | Elf:1    | Noticed Norris
 44862 | Elf:1    | Killed Norris
 45110 | Elf:1    | Found a runed translucent gate.
 45110 | Elf:1    | Found a runed translucent gate.
 45110 | Elf:1    | Found a runed translucent gate.
 45112 | Elf:1    | Paralysed by an air elemental for 1 turns
 45118 | Elf:1    | Paralysed by an air elemental for 1 turns
 45298 | Elf:1    | Paralysed by an air elemental for 1 turns
 45302 | Elf:1    | Paralysed by an air elemental for 1 turns
 45766 | Elf:2    | Found a shimmering blue altar of Sif Muna.
 46341 | Elf:2    | Found Neanyh's Firing Range.
 46664 | Elf:2    | Found a runed translucent gate.
 46665 | Elf:2    | Found a runed translucent gate.
 46665 | Elf:2    | Found a runed translucent gate.
 46902 | D:7      | Bought a scroll of fear for 52 gold pieces
 46902 | D:7      | Bought a scroll of revelation for 97 gold pieces
 46902 | D:7      | Bought a scroll of teleportation for 39 gold pieces
 47071 | Elf:3    | Entered Level 3 of the Elven Halls
 47421 | Elf:3    | Found a runed translucent door.
 47421 | Elf:3    | Noticed Qikim's ghost (journeyman GrEE)
 48024 | Elf:3    | Reached skill level 15 in Shields
 48115 | Elf:3    | Identified the +1 lajatang of Agony {vamp, rElec Will+
                  | Int+3 Dex+3}
 48148 | Elf:3    | Identified the +1 leather armour "Ridotog" {rPois rC+ Dex+5
                  | SInv}
 48154 | Elf:3    | Identified the +3 robe of the Mpinguari {^Drain rPois
                  | Regen+}
 48154 | Elf:3    | Identified the ring "Tegiduud" {Will+ rCorr Dex+5}
 48348 | Elf:3    | Reached skill level 17 in Fighting
 48362 | Elf:3    | Reached XP level 21. HP: 122/162 MP: 9/30
 48366 | Elf:3    | Identified the +4 battleaxe of Grim Forgiveness {protect,
                  | rCorr Int+4 SInv Stlth-}
 48663 | Elf:3    | Reached skill level 17 in Armour
 49331 | Elf:3    | Identified the staff "Axiehes" {*Slow rElec rF- rN+++ Necro
                  | Air}
 49720 | Depths:1 | Entered Level 1 of the Depths
 49752 | Depths:1 | Found Juyppo's Jewellery Shoppe.
 49756 | Depths:1 | Found Jupudiob's Jewellery Emporium.
 49943 | Depths:1 | Identified the +2 ring mail "Ifaith" {Int+3}
 50096 | Depths:1 | Found a one-way gateway to a ziggurat.
 50131 | Depths:1 | Found a gateway to Hell.
 51099 | Depths:2 | Found a one-way gate to the infinite horrors of the Abyss.
 51811 | Depths:2 | Found a one-way gate leading to the halls of Pandemonium.
 51891 | Depths:2 | Reached skill level 16 in Shields
 51929 | Depths:2 | Noticed a golden dragon
 51966 | Depths:2 | Killed a golden dragon
 52437 | Depths:1 | Identified the +2 quarterstaff "Vuotoe" {antimagic, rElec
                  | Will+ Str-3}
 52474 | Depths:2 | Found Sex Miexo's Antique Armour Shop.
 52595 | Depths:2 | Reached skill level 18 in Fighting
 53013 | Depths:2 | Noticed a golden dragon
 53041 | Depths:2 | Killed a golden dragon
 53279 | Depths:2 | You are cast into the Abyss!
 53279 | Abyss:2  | Found a corrupted altar of Lugonu.
 53279 | Abyss:2  | Cast into level 2 of the Abyss (spriggan defender)
 53326 | Abyss:2  | Reached skill level 18 in Armour
 53448 | Abyss:2  | Found a corrupted altar of Lugonu.
 53635 | Abyss:2  | Found a corrupted altar of Lugonu.
 53792 | Abyss:2  | Gained mutation: You frequently scream uncontrollably at
                  | your foes. [a neqoxec]
 53797 | Abyss:2  | Reached XP level 22. HP: 117/132 MP: 27/27
 53882 | Depths:2 | You pass through the gate.
 53882 | Depths:2 | Escaped the Abyss
 54552 | Depths:3 | Identified a +0 robe of resistance
 54850 | Depths:3 | Found a portal to a secret trove of treasure.
 54945 | Depths:3 | Found an ornate altar of the Wu Jian Council.
 55037 | Depths:3 | Identified a +1 robe of resistance
 55416 | Depths:3 | Found Fyony's Distillery.
 55765 | Depths:3 | Reached skill level 19 in Fighting
 55879 | Depths:3 | You fall into a shaft and drop 1 floor!
 55879 | Depths:4 | Entered Level 4 of the Depths
 56945 | Depths:4 | Found Qoutum's Jewellery Emporium.
 56946 | Depths:4 | Found Voapt's Book Shop.
 56946 | Depths:4 | Found Cofaroc's Book Shop.
 57043 | Depths:4 | Found a hide-covered altar of Uskayaw.
 57724 | Depths:4 | Noticed a golden dragon
 57745 | Depths:4 | Killed a golden dragon
 57807 | Depths:4 | Reached skill level 20 in Fighting
 57871 | Depths:4 | Found a gate to the Realm of Zot.
 58581 | Vaults:5 | Entered Level 5 of the Vaults
 58581 | Vaults:5 | Noticed a dread lich
 58586 | Vaults:5 | Reached skill level 4 in Evocations
 58671 | Vaults:5 | Reached skill level 5 in Evocations
 58744 | Vaults:5 | Reached skill level 6 in Evocations
 58753 | Vaults:5 | Noticed a golden dragon
 58772 | Vaults:5 | Killed a golden dragon
 58785 | Vaults:5 | Noticed a dread lich
 58824 | Vaults:5 | Killed a dread lich
 58843 | Vaults:5 | Found Comaom's Magic Scroll Boutique.
 59095 | Vaults:5 | Bought a scroll of teleportation for 36 gold pieces
 59095 | Vaults:5 | Bought a scroll of blinking for 90 gold pieces
 59095 | Vaults:5 | Bought a scroll of teleportation for 36 gold pieces
 59095 | Vaults:5 | Bought a scroll of blinking for 90 gold pieces
 59158 | Vaults:5 | Found Buheh's Distillery.
 59222 | Vaults:5 | Got a silver rune of Zot
 59368 | Vaults:5 | Reached skill level 21 in Fighting
 59368 | Vaults:5 | Reached XP level 23. HP: 159/197 MP: 32/32
 59792 | Vaults:5 | Identified the +8 dagger "Piroq" {flame, Str+6 Int+3}
 60137 | Vaults:5 | Identified the +3 mace of Grace {elec, Int+5 Dex+3}
 60138 | Vaults:5 | Identified the +10 plate armour of Wias {rElec rF- rN++
                  | rCorr}
 60750 | Vaults:4 | Reached skill level 22 in Fighting
 60785 | Vaults:5 | Killed a dread lich
 61309 | Vaults:5 | Identified the ring "Pavvirhy" {rN++ MP+9}
 61490 | Vaults:5 | Found Neydezu's Magic Scroll Shoppe.
 61495 | Vaults:5 | Bought a scroll of teleportation for 48 gold pieces
 61495 | Vaults:5 | Bought a scroll of enchant armour for 120 gold pieces
 61495 | Vaults:5 | Bought a scroll of teleportation for 48 gold pieces
 61600 | Vaults:5 | Identified the +2 dagger of Ghostly Innocence {flame,
                  | ^Contam rN+ Will++ Int+3}
 61603 | Vaults:5 | Identified the +0 ring mail of Honesty {rF+ rCorr}
 62170 | Zot:1    | Entered Level 1 of the Realm of Zot
 62201 | Zot:1    | Identified the +7 ring mail "Tykhlent" {rN++}
 62435 | Zot:1    | Noticed an orb of fire
 62443 | Zot:1    | Gained mutation: You are weak. (Str -2) [an orb of fire]
 62445 | Zot:1    | Gained mutation: You are very weak. (Str -4) [an orb of
                  | fire]
 62452 | Zot:1    | Killed an orb of fire
 62459 | Zot:1    | Identified the +4 dagger of Imonodda {flame, *Slow Will++
                  | rCorr Int-2}
 62707 | Zot:1    | Got the Book of The Black Sun
 62711 | Zot:1    | Lost mutation: You occasionally shout uncontrollably at
                  | your foes. [potion of mutation]
 62711 | Zot:1    | Lost mutation: You are very weak. (Str -4) [potion of
                  | mutation]
 62711 | Zot:1    | Lost mutation: You are weak. (Str -2) [potion of mutation]
 62789 | Zot:1    | Noticed an electric golem
 62823 | Zot:1    | Killed an electric golem
 63402 | Crypt:1  | Entered Level 1 of the Crypt
 63887 | Crypt:1  | Reached skill level 23 in Fighting
 66312 | Zot:1    | Identified the ring of Balance {Fire Fly Will+ MP-9 Str+2}
 66392 | Zot:2    | Noticed an electric golem
 67039 | Crypt:2  | Reached XP level 24. HP: 154/171 MP: 32/32
 67179 | Crypt:2  | Noticed Grunn
 67893 | Zot:1    | Reached skill level 24 in Fighting
 68150 | Zot:5    | Entered Level 5 of the Realm of Zot
 68607 | Zot:5    | Noticed an orb of fire
 68607 | Zot:5    | Noticed a dread lich
 68607 | Zot:5    | Gained mutation: You are weak. (Str -2) [an orb of fire]
 68633 | Zot:5    | Gained mutation: You are dopey. (Int -2) [an orb of fire]
 68639 | Zot:5    | Killed an orb of fire
 68794 | Zot:4    | Lost mutation: You are agile. (Dex +4, Str/Int -1) [potion
                  | of mutation]
 68794 | Zot:4    | Lost mutation: You are dopey. (Int -2) [potion of mutation]
 68794 | Zot:4    | Lost mutation: You are weak. (Str -2) [potion of mutation]
 68794 | Zot:4    | Gained mutation: You are weak. (Str -2) [potion of
                  | mutation]
 68794 | Zot:4    | Gained mutation: You are partially covered in iridescent
                  | scales. (AC +2) [potion of mutation]
 68795 | Zot:4    | Lost mutation: You are weak. (Str -2) [potion of mutation]
 68795 | Zot:4    | Lost mutation: You are partially covered in iridescent
                  | scales. (AC +2) [potion of mutation]
 68795 | Zot:4    | Gained mutation: Your mind is acute. (Int +4, Str/Dex -1)
                  | [potion of mutation]
 68795 | Zot:4    | Gained mutation: You are robust. (+10% HP) [potion of
                  | mutation]
 68838 | Zot:5    | Killed a dread lich
 68880 | Zot:5    | Noticed a Killer Klown
 69041 | Zot:4    | Killed a Killer Klown
 69215 | Zot:5    | Noticed a Killer Klown
 69301 | Zot:5    | Killed a Killer Klown
 69314 | Zot:5    | Noticed an orb of fire
 69450 | Zot:5    | Noticed an electric golem
 69458 | Zot:4    | Gained mutation: You occasionally shout uncontrollably at
                  | your foes. [an orb of fire]
 69476 | Zot:3    | Gained mutation: You have hidden genetic defects. [an orb
                  | of fire]
 69487 | Zot:3    | Killed an orb of fire
 69550 | Zot:3    | Reached skill level 25 in Fighting
 69691 | Zot:5    | Killed an electric golem
 70108 | Zot:4    | Lost mutation: You have hidden genetic defects. [potion of
                  | mutation]
 70108 | Zot:4    | Lost mutation: You occasionally shout uncontrollably at
                  | your foes. [potion of mutation]
 70108 | Zot:4    | Lost mutation: Your spells are easier to cast, but less
                  | powerful. [potion of mutation]
 70108 | Zot:4    | Gained mutation: Your mind is very acute. (Int +8, Str/Dex
                  | -2) [potion of mutation]
 70108 | Zot:4    | Gained mutation: You are partially covered in iridescent
                  | scales. (AC +2) [potion of mutation]
 70108 | Zot:4    | Gained mutation: You are somewhat resistant to further
                  | mutation. [potion of mutation]
 70301 | Zot:5    | Noticed a curse toe
 70301 | Zot:5    | Noticed a Killer Klown
 70305 | Zot:5    | Noticed a Killer Klown
 70305 | Zot:5    | Noticed an electric golem
 70305 | Zot:5    | Noticed a Killer Klown
 70306 | Zot:5    | Killed a curse toe
 70307 | Zot:5    | Noticed a Killer Klown
 70313 | Zot:5    | Killed a Killer Klown
 70348 | Zot:4    | Killed a Killer Klown
 70746 | Zot:5    | Killed a Killer Klown
 70979 | Zot:5    | Killed a Killer Klown
 71065 | Zot:5    | Noticed a Killer Klown
 71180 | Zot:5    | Killed a Killer Klown
 71278 | Zot:5    | Noticed a Killer Klown
 71379 | Zot:5    | Killed a Killer Klown
 71458 | Zot:5    | Noticed an orb of fire
 71464 | Zot:5    | Noticed a dread lich
 71755 | Depths:3 | Bought a potion of haste for 110 gold pieces
 71755 | Depths:3 | Bought a potion of haste for 110 gold pieces
 71755 | Depths:3 | Bought 2 potions of cancellation for 176 gold pieces
 71755 | Depths:3 | Bought a potion of resistance for 110 gold pieces
 72933 | Zot:2    | Noticed an orb of fire
 72975 | Zot:2    | Killed an orb of fire
 73220 | Zot:5    | Killed a dread lich
 73223 | Zot:5    | Noticed an orb of fire
 73229 | Zot:5    | Killed an orb of fire
 73230 | Zot:5    | Reached skill level 26 in Fighting
 73231 | Zot:5    | Killed an orb of fire
 73943 | Zot:5    | Reached XP level 25. HP: 220/248 MP: 32/32
 73993 | Zot:5    | Got the Orb of Zot
 74183 | Depths:4 | Noticed Reith the pandemonium lord
 74273 | Depths:2 | Noticed a seraph
 74709 | D:$      | Escaped with the Orb!

Vanquished Creatures
  4 dread liches
  6 orbs of fire
  7 Killer Klowns
  Saint Roka (Vaults:1)
  A curse toe (Zot:5)
  7 golden dragons
  Nikola (Lair:2)
  Norris (Elf:1)
  Jory (Vaults:4)
  Arachne (Spider:3)
  A doom hound (Crypt:1)
  2 electric golems
  8 tentacled monstrosities
  Rupert (Spider:1)
  2 liches
  Mlioglotl (Lair:2)
  A Hell Sentinel (Depths:1)
  24 Orb Guardians
  A walking frostbound tome (Depths:2)
  3 quicksilver dragons
  Frances (Swamp:2)
  7 death cobs
  An ancient champion (Crypt:1)
  2 deep elf blademasters (Elf:3)
  2 deep elf master archers (Elf:3)
  3 sphinxes
  4 titans (Vaults:5)
  Gastronok (Lair:3)
  12 shadow dragons
  Aizul (Swamp:4)
  5 storm dragons
  3 fenstrider witches
  9 tengu reavers
  8 fire giants
  3 draconian monks
  2 protean progenitors (Zot:4)
  8 deep elf sorcerers
  5 deep elf elementalists
  2 iron dragons
  12 vault wardens
  4 draconian scorchers
  10 frost giants
  2 ghost moths
  A balrug (Depths:1)
  2 draconian shifters
  3 draconian stormcallers
  3 emperor scorpions (Spider:4)
  A reaper (D:7)
  3 orc warlords
  3 ghouls
  21 ironbound preservers
  2 draconian annihilators (Zot:1)
  2 formless jellyfish (Vaults:1)
  2 broodmothers
  6 spriggan defenders
  4 vampire knights
  15 stone giants
  3 very ugly things
  3 green draconians
  6 ironbound thunderhulks
  11 deep elf demonologists
  5 black draconians
  6 eleionomae
  7 spark wasps
  3 war gargoyles
  2 pale draconians (Depths:4)
  3 purple draconians
  2 demonspawn black suns (Zot:1)
  3 white draconians
  11 deep elf death magi
  4 dire elephants
  3 red draconians
  A bunyip (Swamp:3)
  10 deep elf annihilators
  5 eidola
  5 yellow draconians
  2 crystal guardians (Vaults:3)
  A green death (D:7)
  7 fire dragons
  6 ettins
  A merfolk javelineer (Depths:2)
  6 deep elf high priests
  6 great orbs of eyes
  A merfolk impaler (Depths:2)
  12 yaktaur captains
  A shambling mangrove (Swamp:4)
  Josephine (D:15)
  8 entropy weavers
  32 vault guards
  A ghost crab (Swamp:4)
  3 ogre magi
  12 ice dragons
  21 hydras
  3 jorogumos
  7 rakshasas
  2 catoblepae
  2 peacekeepers (Vaults:3)
  5 radroaches
  Erica (D:10)
  7 alligators
  3 death knights
  7 ironbound frosthearts
  8 spriggan air magi
  A hell beast (D:15)
  10 boulder beetles
  16 dancing weapons
  A spriggan skeleton (Crypt:2)
  9 centaur warriors
  8 two-headed ogres
  9 tengu warriors
  An Orb Guardian skeleton (Crypt:2)
  3 deep troll earth magi
  6 deep troll shamans
  9 demonic crawlers
  3 hell hogs (Depths:3)
  A titan zombie (Crypt:2)
  8 death yaks
  Urug (Orc:1)
  A sphinx skeleton (Vaults:3)
  5 vampire magi
  2 occultists
  10 spriggan berserkers
  Sonja (Lair:3)
  2 wretched stars (Abyss:2)
  16 skeletal warriors
  2 soul eaters
  9 hell knights
  15 deep elf knights
  3 goliath frogs
  5 sun demons
  Nergalle (Orc:2)
  4 skysharks (Elf:1)
  4 shadow wraiths
  A sixfirhy (Depths:1)
  A bunyip zombie (Crypt:2)
  2 iron trolls (Depths:4)
  7 pharaoh ants
  An anaconda zombie (Crypt:2)
  A large abomination (Abyss:2)
  4 sun moths
  A spriggan druid (Swamp:4)
  48 deep trolls
  6 bog bodies
  4 flayed ghosts
  7 glowing orange brains
  13 ironbound convokers
  6 orb spiders
  10 swamp dragons
  9 steelbarb worms
  9 lindwurms
  A deep troll (shapeshifter) (Depths:2)
  8 arcanists
  A shock serpent (shapeshifter) (Depths:4)
  11 phantasmal warriors
  2 thermic dynamos (Depths:3)
  A glowing shapeshifter (Vaults:5)
  15 orc knights
  33 deep elf pyromancers
  9 necromancers
  8 harpies
  16 deep elf archers
  14 wolf spiders
  A fire giant zombie (Vaults:1)
  27 deep elf zephyrmancers
  Maurice (D:7)
  A wolf spider (shapeshifter) (Vaults:5)
  10 orc sorcerers
  2 manticores
  A faun (shapeshifter) (Vaults:3)
  8 cyclopes
  A shadow dragon skeleton (Vaults:3)
  16 moths of wrath
  2 will-o-the-wisps
  24 ugly things
  13 vault sentinels
  14 elephants
  11 meliai
  A stone giant skeleton (Vaults:3)
  A black mamba (Lair:2)
  An ice statue (IceCv)
  Joseph (D:7)
  9 torpor snails
  The ghost of backslashecho the Slasher, a novice DsGl (D:5)
  An orange demon (Lair:3)
  4 gargoyles
  A kobold demonologist (D:11)
  A hellion (Depths:2)
  Maggie (D:6)
  2 smoke demons
  An unseen horror (shapeshifter) (Depths:2)
  5 rime drakes
  7 cane toads
  14 komodo dragons
  An unseen horror (D:11)
  A tormentor (Depths:2)
  2 ancient zymes (Abyss:2)
  A grey draconian zombie (Crypt:1)
  A green draconian skeleton (Crypt:1)
  28 yaktaurs
  2 efreet
  5 tengu conjurers
  12 trolls
  A bloated husk (Swamp:4)
  7 freezing wraiths
  A red devil (Spider:2)
  A harpy zombie (Crypt:2)
  13 polar bears
  5 tyrant leeches
  7 hornets
  26 tarantellas
  19 blink frogs
  2 glass eyes
  A dream sheep (shapeshifter) (Vaults:5)
  28 slime creatures
  A jumping spider (shapeshifter) (Vaults:5)
  13 culicivoras
  3 air elementals (Elf:1)
  14 jumping spiders
  A centaur simulacrum (D:14)
  5 spriggans
  A ynoxinul (Abyss:2)
  Sigmund (D:2)
  2 wyverns
  A culicivora (shapeshifter) (D:13)
  8 water elementals
  16 wraiths
  86 yaks
  2 vampires (D:12)
  4 basilisks
  An elf zombie (Vaults:2)
  7 steam dragons
  3 fire elementals
  7 wargs
  A hog (shapeshifter) (D:15)
  2 neqoxecs (Abyss:2)
  67 redbacks
  A chaos spawn (Abyss:2)
  An elf skeleton (Vaults:2)
  4 vampire mosquitoes
  A glowing shapeshifter zombie (Vaults:1)
  13 swamp worms
  5 acid dragons
  A water moccasin (shapeshifter) (D:13)
  2 spatial vortices (Abyss:2)
  Duvessa (D:7)
  20 water moccasins
  2 sky beasts (D:7)
  7 swamp drakes
  2 human zombies
  23 orc warriors
  7 black bears
  A sky beast (shapeshifter) (D:15)
  4 boggarts (Vaults:1)
  18 laughing skulls
  8 ogres
  A wolf (shapeshifter) (D:11)
  3 ettin simulacra (Depths:3)
  35 wolves
  11 centaurs
  A lindwurm skeleton (Crypt:2)
  2 lemures (D:6)
  9 phantoms
  6 kobold brigands
  2 weeping skulls (Abyss:2)
  4 gnoll sergeants (D:10)
  2 brain worms (Abyss:2)
  Blork the orc (D:6)
  6 small abominations (Abyss:2)
  2 earth elementals
  10 bullfrogs
  13 scorpions
  8 wights
  Dowan (D:7)
  3 killer bees (D:9)
  9 howler monkeys
  A human simulacrum (Vaults:1)
  4 electric eels
  A bullfrog zombie (Crypt:1)
  A crimson imp (Abyss:2)
  3 centaur zombies (D:7)
  21 orc priests
  A bombardier beetle (D:6)
  9 hounds
  7 jellies
  3 gnoll boudas
  A human skeleton (Crypt:1)
  10 sleepcaps
  5 scorpion zombies (D:7)
  4 iguanas
  39 orc wizards
  Terence (D:3)
  3 killer bee zombies (D:7)
  A naga zombie (Crypt:1)
  A naga skeleton (Crypt:1)
  10 adders
  31 gnolls
  7 shadow imps (D:7)
  A white imp (Abyss:2)
  A dart slug (D:2)
  2 ribbon worms
  59 orcs
  8 bats
  A bat zombie (Crypt:1)
  13 endoplasms
  3 giant cockroaches
  2 goblins (D:2)
  4 hobgoblins
  9 jackals
  3 quokkas
  6 ball pythons
  3 frilled lizards
  A frilled lizard skeleton (Crypt:2)
  20 kobolds
  3 rats
  A spectral weapon (Depths:3)
2070 creatures vanquished.

Vanquished Creatures (collateral kills)
  3 two-headed ogres
  Pikel (D:6)
  A vampire mosquito (D:9)
  An orc warrior (D:6)
  An ogre (D:9)
  A lemure (D:6)
  A howler monkey (D:10)
  An orc wizard (D:9)
  7 orcs
17 creatures vanquished.

Vanquished Creatures (others)
  A Killer Klown (Zot:5)
  A golden dragon (Depths:4)
  An Orb Guardian (Zot:5)
  A quicksilver dragon (Zot:3)
  A sphinx (Vaults:5)
  A thorn hunter (Swamp:4)
  A draconian monk (Zot:1)
  A fire giant (Depths:3)
  A deep elf sorcerer (Elf:3)
  3 vault wardens
  2 draconian scorchers (Zot:1)
  A stone giant (Depths:2)
  A white draconian (Zot:3)
  A deep elf demonologist (Abyss:2)
  A deep elf annihilator (Elf:3)
  A spark wasp (Depths:1)
  A red draconian (Zot:1)
  Snorg (Lair:3)
  3 ettins
  A deep elf high priest (Elf:3)
  An ice dragon (Depths:2)
  A vault guard (Vaults:5)
  An alligator (Swamp:1)
  2 hydras
  A tengu warrior (Depths:1)
  2 two-headed ogres (D:15)
  A deep troll shaman (Depths:3)
  A dancing weapon (D:10)
  A demonic crawler (Spider:1)
  A deep elf knight (Elf:3)
  Amaemon (Lair:3)
  2 iron trolls
  3 deep trolls
  A glowing orange brain (Vaults:3)
  A deep elf archer (Elf:2)
  A swamp dragon (Swamp:4)
  A lindwurm (Lair:5)
  A necromancer (Depths:4)
  A harpy (Vaults:1)
  An ugly thing (D:14)
  An orc sorcerer (Orc:2)
  2 deep elf zephyrmancers
  A meliai (D:14)
  A komodo dragon (Lair:3)
  A yaktaur (Vaults:3)
  2 bloated husks
  A hornet (Depths:3)
  2 tarantellas (Spider:3)
  A blink frog (Lair:5)
  A water elemental (Elf:2)
  2 yaks
  A redback (Spider:1)
  2 laughing skulls
  An ogre (Orc:2)
  A gnoll (D:10)
  2 orcs
  3 foxfires
75 creatures vanquished.

Grand Total: 2162 creatures vanquished

Table legend: (Time is in decaauts)
 A = Elapsed time spent in this place.
 B = Non-inter-level travel time spent in this place.
 C = Inter-level travel time spent in this place.
 D = Time resting spent in this place.
 E = Time spent auto-exploring this place.
 F = Levels seen in this place.
 G = Mean time per level.
                   A        B        C        D        E       F      G
               +--------+--------+--------+--------+--------+-----+--------+
         Total |  71148 |  60763 |  10385 |  11909 |  32630 |  52 | 1368.2 |
       Dungeon |  18281 |  14986 |   3295 |    635 |  10913 |  15 | 1218.7 |
          Lair |   5661 |   4968 |    693 |    694 |   3089 |   5 | 1132.2 |
         Swamp |   3549 |   3218 |    331 |    428 |   1693 |   4 |  887.2 |
   Spider Nest |   6415 |   6154 |    261 |   1947 |   2491 |   4 | 1603.8 |
  Orcish Mines |   2540 |   2044 |    496 |    380 |   1276 |   2 | 1270.0 |
   Elven Halls |   4724 |   4325 |    399 |    769 |   2129 |   3 | 1574.7 |
        Vaults |  10790 |   8895 |   1895 |   1643 |   4636 |   5 | 2158.0 |
         Crypt |   1754 |   1555 |    199 |    145 |    918 |   2 |  877.0 |
        Depths |   9462 |   7081 |   2381 |   1591 |   3952 |   4 | 2365.5 |
           Zot |   6540 |   6107 |    433 |   3620 |    704 |   5 | 1308.0 |
         Abyss |    544 |    544 |      0 |     32 |    325 |   1 |  544.0 |
      Ice Cave |    855 |    855 |      0 |     23 |    502 |   1 |  855.0 |
        Wizlab |     27 |     27 |      0 |      0 |      0 |   1 |   27.0 |
               +--------+--------+--------+--------+--------+-----+--------+

Top non-repeatable levels by time:
Depths:2: 2859 daAuts
Depths:4: 2501 daAuts
Vaults:1: 2483 daAuts
Spider:4: 2321 daAuts
Vaults:5: 2298 daAuts
   Zot:1: 2231 daAuts
     D:9: 2201 daAuts
Depths:3: 2157 daAuts
   Elf:3: 2107 daAuts
Vaults:2: 2061 daAuts
Vaults:4: 2010 daAuts
Depths:1: 1943 daAuts
Vaults:3: 1936 daAuts
   Zot:4: 1865 daAuts
     D:7: 1835 daAuts

Table legend:
 A = Non-vault XP
 B = Vault XP
 C = Vault XP percentage of total XP
 D = Non-vault monster count
 E = Vault monster count
 F = Vault count percentage of total count
                 A         B        C        D         E       F
            +---------+---------+-------+---------+---------+-------
      Total |  588378 |  560306 |  48.8 |    1300 |     839 |  39.2
            +---------+---------+-------+---------+---------+-------
        D:1 |      34 |       0 |   0.0 |      22 |       0 |   0.0
        D:2 |      28 |     214 |  88.4 |      13 |       1 |   7.1
        D:3 |     212 |      33 |  13.5 |      16 |       2 |  11.1
        D:4 |     250 |       0 |   0.0 |      14 |       0 |   0.0
        D:5 |     635 |     932 |  59.5 |      21 |       5 |  19.2
        D:6 |     476 |    1888 |  79.9 |      12 |      17 |  58.6
        D:7 |     952 |    4099 |  81.2 |      13 |      48 |  78.7
        D:8 |    2464 |       0 |   0.0 |      15 |       0 |   0.0
        D:9 |    4695 |    1330 |  22.1 |      31 |      19 |  38.0
       D:10 |    2315 |    2960 |  56.1 |      17 |      53 |  75.7
       D:11 |    4614 |    4734 |  50.6 |      20 |      14 |  41.2
       D:12 |    5295 |       0 |   0.0 |      17 |       0 |   0.0
       D:13 |    6346 |       0 |   0.0 |      17 |       0 |   0.0
       D:14 |   10933 |    8556 |  43.9 |      22 |      13 |  37.1
       D:15 |   11496 |    4747 |  29.2 |      25 |      11 |  30.6
     Lair:1 |    4589 |    1379 |  23.1 |      18 |       6 |  25.0
     Lair:2 |    6229 |    4867 |  43.9 |      23 |       7 |  23.3
     Lair:3 |    6022 |    4329 |  41.8 |      22 |       5 |  18.5
     Lair:4 |    6763 |     293 |   4.2 |      24 |       9 |  27.3
     Lair:5 |   15102 |    9316 |  38.2 |      62 |      22 |  26.2
    Swamp:1 |   10467 |       0 |   0.0 |      18 |       0 |   0.0
    Swamp:2 |    8562 |    1599 |  15.7 |      18 |       1 |   5.3
    Swamp:3 |    6578 |     634 |   8.8 |      12 |       1 |   7.7
    Swamp:4 |   13558 |   18359 |  57.5 |      22 |      28 |  56.0
   Spider:1 |   18913 |    4900 |  20.6 |      44 |      15 |  25.4
   Spider:2 |   16478 |    3836 |  18.9 |      49 |       6 |  10.9
   Spider:3 |   12558 |    4313 |  25.6 |      30 |       5 |  14.3
   Spider:4 |   21198 |   12700 |  37.5 |      50 |      18 |  26.5
      Orc:1 |    4108 |    1349 |  24.7 |      46 |       4 |   8.0
      Orc:2 |    3536 |    7892 |  69.1 |      33 |      39 |  54.2
      Elf:1 |   25856 |   13989 |  35.1 |      44 |      17 |  27.9
      Elf:2 |   16095 |    3964 |  19.8 |      27 |       6 |  18.2
      Elf:3 |   15791 |   36810 |  70.0 |      26 |      35 |  57.4
   Vaults:1 |   20898 |   30928 |  59.7 |      41 |      43 |  51.2
   Vaults:2 |   22682 |   16297 |  41.8 |      44 |      23 |  34.3
   Vaults:3 |   22991 |   27654 |  54.6 |      33 |      39 |  54.2
   Vaults:4 |   16300 |   22699 |  58.2 |      27 |      27 |  50.0
   Vaults:5 |   22072 |  104835 |  82.6 |      33 |      95 |  74.2
    Crypt:1 |   26972 |    2833 |   9.5 |      44 |       2 |   4.3
    Crypt:2 |    9827 |    5171 |  34.5 |      26 |       7 |  21.2
   Depths:1 |   16241 |    4113 |  20.2 |      18 |       5 |  21.7
   Depths:2 |   27692 |   41171 |  59.8 |      39 |      48 |  55.2
   Depths:3 |   21536 |    6394 |  22.9 |      29 |      12 |  29.3
   Depths:4 |   20180 |   16188 |  44.5 |      26 |      19 |  42.2
      Zot:1 |   23553 |   18849 |  44.5 |      19 |      14 |  42.4
      Zot:2 |    8116 |    1883 |  18.8 |       3 |       1 |  25.0
      Zot:3 |   12807 |       0 |   0.0 |       9 |       0 |   0.0
      Zot:4 |   18308 |    9925 |  35.2 |      19 |       6 |  24.0
      Zot:5 |   26741 |   75893 |  73.9 |      21 |      32 |  60.4
    Abyss:2 |    8314 |    1376 |  14.2 |      26 |       6 |  18.8
      IceCv |       0 |   14075 | 100.0 |       0 |      53 | 100.0
            +---------+---------+-------+---------+---------+-------
